 Dungeon Crawl Stone Soup version 0.32-a0-361-g289a535e89 (webtiles) character file.

Game seed: 14140168830191446724

1406583 jboons the Maledictor (level 27, 201/201 HPs)
             Began as a Vampire Shapeshifter on Feb 18, 2024.
             Was an Elder of Okawaru.
             Escaped with the Orb
             ... and 3 runes on Feb 19, 2024!
             The game lasted 05:47:57 (106864 turns).

jboons the Maledictor (Vampire Shapeshifter)      Turns: 106864, Time: 05:47:58

Health: 201/201    AC: 25    Str: 21      XL:     27
Magic:  38/38      EV: 25    Int: 15 (16) God:    Okawaru [****..]
Gold:   7541       SH: 26    Dex: 25 (27) Spells: 22/48 levels left

rFire   + +          .
                       - Unarmed
rCold   + + .        g - +4 tower shield of Riavut {rElec Dex+9}
rNeg    + . .        i - +4 ring mail {rF+}
rPois   +            u - +2 helmet {Int+3}
rElec   +            G - +2 cloak {rPois}
rCorr   .            X - +0 pair of fencer's gloves {Riposte Dex+3}
SInv    +            P - +2 pair of boots {Fly}
Will    ++...        j - amulet of Vitality {RegenMP++ Regen++}
Stlth   +            y - ring of protection from fire
HPRegen 2.33/turn    Q - ring of Jiprathi {rC+ rN+ EV+5}
MPRegen 1.06/turn

%: no passive effects
@: flying, healing quickly, hasted, studying 3 skills, very quick
A: alive, fangs 3, see invisible, vampiric 2, iridescent scales 1, cold
resistance 1, dopey 1, frail 1, weak 1
0: Orb of Zot
}: 3/15 runes: serpentine, barnacled, silver
a: Exsanguinate, Renounce Religion, Heroism, Finesse


You escaped.
You worshipped Okawaru.
Okawaru was greatly pleased with you.
You visited 11 branches of the dungeon, and saw 51 of its levels.
You visited 1 bazaar.
You also visited: Trove, Ossuary, Gauntlet, Ice Cave and Wizlab.

You collected 11827 gold pieces.
You spent 4286 gold pieces at shops.

Inventory:

Missiles
 b - 30 javelins (quivered)
 c - 21 silver javelins
 J - 9 throwing nets
Armour
 a - the +2 leather armour "Qozyasch" {rElec Dex+5}
   (You found it on level 1 of the Lair of Beasts)

   Dex+5:     It affects your dexterity (+5).
   rElec:     It insulates you from electricity.
 g - the +4 tower shield of Riavut (worn) {rElec Dex+9}
   (You acquired it on level 1 of the Realm of Zot)

   Dex+9:     It affects your dexterity (+9).
   rElec:     It insulates you from electricity.
 i - a +4 ring mail of fire resistance (worn)
 u - a +2 helmet of intelligence (worn)
 G - a +2 cloak of poison resistance (worn)
 P - a +2 pair of boots of flying (worn)
 X - the +0 pair of fencer's gloves (worn) {Riposte Dex+3}
   (You found it in a Gauntlet)

   Riposte:   It allows the wearer to riposte with melee weapons, swiftly
   retaliating against missed or blocked melee attacks.
   Dex+3:     It affects your dexterity (+3).
Jewellery
 j - the amulet of Vitality (around neck) {RegenMP++ Regen++}
   (You found it on level 2 of the Crypt)

   [amulet of magic regeneration]

   RegenMP:   It increases your rate of magic regeneration.
   Regen++:   It increases your rate of health regeneration.
 y - a ring of protection from fire (left hand)
 F - a ring of protection from fire
 Q - the ring of Jiprathi (right hand) {rC+ rN+ EV+5}
   (You found it in a Gauntlet)

   [ring of evasion]

   EV+5:      It affects your evasion (+5).
   rC+:       It protects you from cold.
   rN+:       It protects you from negative energy.
 W - a ring of willpower
Talismans
 m - a serpent talisman
Wands
 o - a wand of flame (32)
 t - a wand of polymorph (11)
 A - a wand of paralysis (35)
 E - a wand of mindburst (28)
 H - a wand of light (13)
 K - a wand of iceblast (33)
 O - a wand of digging (20)
Scrolls
 d - 4 scrolls of revelation
 k - 9 scrolls of vulnerability
 l - 11 scrolls of torment
 p - 14 scrolls of teleportation
 q - 12 scrolls of amnesia
 r - 7 scrolls of poison
 B - 2 scrolls of blinking
 C - 4 scrolls of fog
 R - 2 scrolls of noise
 T - 6 scrolls of immolation
 U - 9 scrolls of fear
 Z - 6 scrolls of silence
Potions
 e - 2 potions of berserk rage
 f - 10 potions of enlightenment
 h - 27 potions of curing
 s - 4 potions of ambrosia
 v - 5 potions of mutation
 w - 3 potions of cancellation
 x - 2 potions of invisibility
 z - 2 potions of heal wounds
 D - 10 potions of lignification
 I - 4 potions of attraction
 M - 2 potions of resistance
 N - 7 potions of brilliance
 V - 5 potions of might
Miscellaneous
 L - a phial of floods
 S - a lightning rod (4/4)
 Y - a condenser vane


   Skills:
 - Level 20.0 Fighting
 - Level 10.0 Throwing
 - Level 10.0 Armour
 - Level 12.0 Dodging
 + Level 15.2 Shields
 + Level 21.2 Unarmed Combat
 - Level 11.0 Spellcasting
 - Level 8.0 Conjurations
 - Level 24.0 Hexes
 - Level 13.0 Alchemy
 + Level 14.2 Invocations
 - Level 6.0 Evocations
 - Level 19.0 Shapeshifting


You had 22 spell levels left.
You knew the following spells:

 Your Spells              Type           Power      Damage    Failure   Level
a - Yara's Violent Unrav  Hex/Alch       29%        3d12      1%          5
b - Irradiate             Conj/Alch      19%        3d18      13%         5
c - Enfeeble              Hex            34%        N/A       1%          7
d - Discord               Hex            34%        N/A       12%         8
A - Apportation           Tloc           16%        N/A       34%         1

Your spell library contained the following spells:

 Spells                   Type           Power      Damage    Failure   Level
 Jinxbite                 Hex            100%       N/A       0%          2
 Confusing Touch          Hex            69%        N/A       0%          3
 Sigil of Binding         Hex            69%        N/A       0%          3
 Magic Dart               Conj           100%       1d8       1%          1
 Sting                    Conj/Alch      100%       1d9       1%          1
 Ensorcelled Hibernation  Hex/Ice        88%        N/A       1%          2
 Searing Ray              Conj           64%        2d6       1%          2
 Dazzling Flash           Conj/Hex       100%       N/A       1%          3
 Inner Flame              Hex/Fire       44%        N/A       1%          3
 Olgreb's Toxic Radiance  Alch           47%        N/A       1%          4
 Anguish                  Hex/Necr       22%        N/A       2%          4
 Dimensional Bullseye     Hex/Tloc       22%        N/A       2%          4
 Mercury Vapours          Alch/Air       54%        N/A       3%          2
 Alistair's Intoxication  Alch           31%        N/A       4%          5
 Mephitic Cloud           Conj/Alch/Air  29%        N/A       6%          3
 Foxfire                  Conj/Fire      80%        2x1d8     7%          1
 Kiss of Death            Conj/Necr      80%        2d11      7%          1
 Shock                    Conj/Air       80%        1d8       7%          1
 Cigotuvi's Dreadful Rot  Necr/Alch/Air  42%        N/A       9%          2
 Momentum Strike          Conj/Tloc      40%        3d9       10%         2
 Hailstorm                Conj/Ice       20%        3d7       21%         3
 Stone Arrow              Conj/Erth      40%        3d9       21%         3
 Ignite Poison            Fire/Alch      27%        N/A       24%         4
 Petrify                  Alch/Erth      27%        N/A       24%         4
 Sticky Flame             Fire/Alch      27%        2d7       24%         4
 Eringya's Noxious Bog    Alch           23%        4d6       26%         6
 Freeze                   Ice            32%        1d5       34%         1
 Necrotise                Necr           32%        1d5       34%         1
 Sandblast                Erth           16%        2d6       34%         1
 Iskenderun's Battlesphe  Conj           32%        2d8       34%         5
 Lesser Beckoning         Tloc           16%        N/A       45%         2
 Scorch                   Fire           16%        2d5       45%         2
 Sublimation of Blood     Necr           8%         N/A       45%         2
 Brom's Barrelling Bould  Conj/Erth      20%        2d4       54%         4
 Flame Wave               Conj/Fire      20%        2d7       54%         4
 Iskenderun's Mystic Bla  Conj/Tloc      20%        2d6       54%         4
 Frozen Ramparts          Ice            16%        1d3       71%         3
 Gell's Gravitas          Tloc           8%         N/A       71%         3
 Passwall                 Erth           8%         N/A       71%         3
 Swiftness                Air            8%         N/A       71%         3
 Teleport Other           Tloc           8%         N/A       71%         3
 Vampiric Draining        Necr           8%         2d6       71%         3
 Volatile Blastmotes      Fire/Tloc      16%        2d11      71%         3
 Arcjolt                  Conj/Air       10%        1d20      88%         5
 Freezing Cloud           Conj/Ice/Air   8%         6-21      97%         5
 Airstrike                Air            4%         2d(1-17)  98%         4
 Dispel Undead            Necr           8%         3d8       98%         4
 Passage of Golubria      Tloc           8%         N/A       98%         4
 Vhi's Electric Charge    Tloc/Air       16%        N/A       98%         4
 Curse of Agony           Necr           8%         N/A       100%        5
 Bombard                  Conj/Erth      10%        9d2       100%        6
 Conjure Ball Lightning   Conj/Air       10%        3x3d6     100%        6
 Plasma Beam              Fire/Air       4%         2x1d14    100%        6
 Starburst                Conj/Fire      10%        6d5       100%        6
 Ozocubu's Refrigeration  Ice            4%         4d8       100%        7
 Disjunction              Tloc           4%         N/A       100%        8
 Lehudib's Crystal Spear  Conj/Erth      10%        10d4      100%        8
 Maxwell's Capacitive Co  Air            4%         ∞         100%        8
 Fire Storm               Conj/Fire      10%        8d3       100%        9
 Tukima's Dance           Hex            Unusable   N/A       N/A         3
 Summon Small Mammal      Summ           Unusable   N/A       N/A         1
 Call Canine Familiar     Summ           Unusable   N/A       N/A         3
 Animate Armour           Summ/Erth      Unusable   N/A       N/A         4
 Animate Dead             Necr           Unusable   N/A       N/A         4
 Martyr's Knell           Necr/Summ      Unusable   N/A       N/A         4
 Summon Forest            Summ/Tloc      Unusable   N/A       N/A         5
 Death Channel            Necr           Unusable   N/A       N/A         6
 Summon Cactus Giant      Summ           Unusable   N/A       N/A         6
 Haunt                    Necr/Summ      Unusable   N/A       N/A         7
 Spellforged Servitor     Conj/Summ      Unusable   N/A       N/A         7
 Summon Hydra             Summ           Unusable   N/A       N/A         7
 Borgnjor's Revivificati  Necr           Unusable   N/A       N/A         8

Dungeon Overview and Level Annotations

Branches:
Dungeon (15/15)            Temple (1/1) D:6            Lair (5/5) D:11
 Shoals (4/4) Lair:2        Snake (4/4) Lair:2        Slime (0/5) Lair:5
    Orc (2/2) D:12            Elf (3/3) Orc:2        Vaults (5/5) D:14
  Crypt (3/3) Vaults:3       Tomb (0/3) Crypt:3      Depths (4/4) D:15
    Zot (5/5) Depths:4    Ossuary (visited)           IceCv (visited)
 WizLab (visited)         Gauntlet (visited)

Altars:
Ashenzari
Cheibriados
Dithmenos
Fedhas
Gozag
Hepliaklqana
Kikubaaqudgha
Makhleb
Nemelex Xobeh
Okawaru
Qazlal
Ru
Sif Muna
Trog
Uskayaw
Vehumet
Wu Jian
Xom
Yredelemnul
Beogh
Jiyva
Lugonu

Shops:
Orc:2 =*[(   Elf:1 ?=:[[   Elf:2 :   Snake:2 *   Snake:4 [   Vaults:1 (
Depths:1 *

Portals:
Hell: Depths:1 Depths:2 Depths:3 Depths:4
Abyss: Lair:3 Depths:1 Depths:2 Depths:3
Pandemonium: Depths:2

Annotations:
D:5 1 runed translucent door, Crazy Yiuf
D:9 2 transporters, cforsyth's ghost, journeyman DjHs
D:13 4 transporters
D:15 2 transporters, croobank's ghost, journeyman FeSu
Lair:2 3 runed translucent doors, Biggs's ghost, journeyman FeSh
Lair:3 2 transporters, gdog's ghost, journeyman GnDe
Elf:2 3 runed translucent doors
Depths:4 exclusions: shining eye and 3 more exclusions


Innate Abilities, Weirdness & Mutations

Your natural rate of healing is accelerated.
You have razor-sharp teeth.
You have supernaturally acute eyesight. (SInv)
You are afflicted with vampirism and can become a bat while bloodless.
You are partially covered in iridescent scales. (AC +2)
Your flesh is cold resistant. (rC+)
You are dopey. (Int -2)
You are frail. (-10% HP)
You are weak. (Str -2)


Message History

There is a stone staircase leading up here.
You fly upwards.
There is a stone staircase leading down here.
There is a stone staircase leading up here.
You fly upwards.
There is a stone staircase leading down here.
Things that are here:
a +0 leather armour; a +0 whip; an orc skeleton
There is a stone staircase leading up, spattered with blood here.
You fly upwards.
There is a stone staircase leading down here.
A sixfirhy comes into view.
You throw a javelin.
The javelin closely misses the sixfirhy.
You throw a javelin.
The javelin hits the sixfirhy and shatters for extra damage!!
The sixfirhy is severely wounded.
Ibamuc comes into view.
Press: ? - help, v - describe, . - travel
Here: Ibamuc The floor.
Unknown command.
Unknown command.
Unknown command.
You feel yourself speed up. You block the sixfirhy's attack.
You riposte.
You miss the sixfirhy.
The sixfirhy is severely wounded.
Blink to where?
Press: ? - help, Dir - move target, p - sixfirhy
As you read the scroll of blinking, it crumbles to dust.
Blink to where?
Press: ? - help, Dir - move target
As you read the scroll of blinking, it crumbles to dust.
You fly upwards.
There is a stone staircase leading down here.
You reach down and open the door.
There is an open door here.
There is an open door here.
There is a staircase leading out of the dungeon here.
You have escaped!

#.#######...#######..# ##.#
#.#.#...#.###.##..#..####.#
#.#...#.#...#..#.##.......#
#.#####.###.##[#..#..######
#.##....#....#.##.#..#
#.#..##.#..#......#..#
#.####..#..########.## ####
#.##...###.#...#....# ##...
#..#.#....@....#.#..###....
#....#...#.###...#####.....
##########..#..####........
#......#..#.##..####.....
#.##.#....#....## ##.).)
######..#.##.###.##### ##...
#....##.#..#...#.#...# ##.#
#.#^##..##.###.#...#.#######.#
#.#.#########..#######.......#


There were no monsters in sight!

Vanquished Creatures
  A dread lich (Vaults:5)
  4 ancient liches
  Khufu (Crypt:2)
  5 orbs of fire
  Mara (Depths:2)
  A juggernaut (Depths:3)
  Xtahua (Crypt:1)
  Vv (Zot:4)
  11 Killer Klowns
  A royal mummy (Crypt:2)
  Parghit (Depths:3)
  Margery (Crypt:1)
  6 caustic shrikes
  4 golden dragons
  2 curse toes
  Jory (Crypt:3)
  A Tzitzimitl (Depths:1)
  An iron giant (Depths:2)
  Jorgrun (D:15)
  3 electric golems
  14 tentacled monstrosities
  A hellephant (Crypt:1)
  A walking crystal tome (Depths:4)
  22 Orb Guardians
  A walking divine tome (Depths:4)
  10 sphinxes
  4 titans
  3 deep elf master archers (Elf:3)
  7 liches
  4 deep elf blademasters (Elf:3)
  3 quicksilver dragons (Zot:1)
  An Executioner (D:5)
  6 tengu reavers
  4 death cobs
  2 krakens (Shoals:1)
  Aizul (Arena)
  2 ancient champions
  5 nagarajas
  3 revenants
  8 shadow dragons
  11 storm dragons
  Donald (Snake:1)
  2 protean progenitors
  4 draconian knights
  6 fire giants
  4 draconian monks
  6 iron dragons
  A balrug (Depths:2)
  12 deep elf sorcerers
  2 ghost moths
  The ghost of Biggs the Severer, a journeyman CoFi of Wu Jian (Arena)
  13 frost giants
  2 caustic shrike zombies
  14 vault wardens
  A deep elf elementalist (Elf:3)
  7 draconian shifters
  2 orc warlords
  A draconian scorcher (Zot:2)
  Louise (Snake:4)
  3 curse skulls
  14 ironbound preservers
  2 reapers
  2 formless jellyfish (Vaults:3)
  A juggernaut skeleton (Crypt:3)
  3 spriggan defenders
  A quicksilver ooze (Gauntlet)
  3 draconian annihilators
  2 draconian stormcallers
  The ghost of Pobapin the Markskobold, an adept KoHu of Hepliaklqana (Shoals:2)
  7 ironbound thunderhulks
  A cacodemon (Depths:2)
  17 very ugly things
  7 green draconians
  10 stone giants
  8 deep elf annihilators
  8 deep elf demonologists
  17 vampire knights
  A lorocyproca (Depths:2)
  A spark wasp (Depths:2)
  5 war gargoyles
  17 purple draconians
  2 black draconians
  2 minotaurs
  7 red draconians
  5 deep elf death magi
  22 dire elephants
  9 white draconians
  Azrael (D:14)
  2 eidola (Crypt:3)
  9 ettins
  4 yellow draconians
  2 crystal guardians
  7 statues (WizLab)
  14 merfolk impalers
  7 merfolk javelineers
  A blizzard demon (Depths:4)
  2 mummy priests (Crypt:2)
  A quicksilver dragon zombie (Crypt:2)
  6 fire dragons
  7 jiangshi
  9 yaktaur captains
  4 spriggan zombies (Crypt:3)
  13 ice dragons
  8 deep elf high priests
  Josephine (D:11)
  An entropy weaver (Vaults:2)
  Harold (Orc:1)
  13 vault guards
  A salamander tyrant (Snake:3)
  Fannar (Orc:1)
  A spriggan air mage (Depths:4)
  5 great orbs of eyes
  15 hydras
  7 rakshasas
  3 peacekeepers
  A catoblepas (Lair:4)
  3 alligator snapping turtles
  7 merfolk avatars
  7 anacondas
  4 ogre magi
  4 death knights
  A satyr (Shoals:2)
  An Orb Guardian skeleton (Crypt:3)
  Erica (D:10)
  A two-headed ogre (shapeshifter) (Vaults:5)
  13 dancing weapons
  10 ironbound frosthearts
  3 deep troll earth magi
  17 centaur warriors
  7 merfolk aquamancers (Shoals:4)
  12 naga warriors
  2 two-headed ogres
  6 boulder beetles
  12 death yaks
  The ghost of nojaa the Jinx, a journeyman KoEn of Dithmenos (Orc:2)
  12 vampire magi
  2 spriggan berserkers (Depths:3)
  4 deep troll shamans
  7 tengu warriors
  9 shock serpents
  3 occultists
  5 orc high priests (Orc:2)
  21 naga sharpshooters
  6 storm dragon zombies (Crypt:3)
  5 hell knights
  5 spriggans (Depths:3)
  3 soul eaters
  A sun demon (Depths:2)
  A skyshark (shapeshifter) (Elf:1)
  11 deep elf knights
  2 iron trolls
  A sixfirhy (Depths:2)
  A golden dragon zombie (Crypt:3)
  37 deep trolls
  7 salamander mystics
  A cherub (Depths:4)
  21 sea snakes
  A skyshark (Lair:1)
  7 glowing orange brains
  3 skeletal warriors (D:14)
  8 mana vipers
  3 orb spiders (Zot:2)
  8 shadow wraiths
  8 naga ritualists
  A sun moth (Snake:4)
  8 flayed ghosts
  3 shadow demons (Depths:1)
  9 arcanists
  22 ironbound convokers
  2 orange crystal statues (Zot:2)
  10 deep elf archers
  15 phantasmal warriors
  An anaconda skeleton (Crypt:1)
  A steelbarb worm (shapeshifter) (Vaults:5)
  15 deep elf zephyrmancers
  6 necromancers
  9 orc knights
  26 harpies
  3 lightning spires (Zot:2)
  5 lindwurms
  9 cyclopes
  3 oklob plants (Zot:2)
  2 orc sorcerers
  22 salamanders
  29 deep elf pyromancers
  A manticore (shapeshifter) (Vaults:5)
  60 ugly things
  10 fauns
  A jorogumo skeleton (Crypt:2)
  9 elephants
  13 manticores
  10 merfolk sirens
  Maurice (D:7)
  An iron dragon skeleton (Crypt:2)
  22 moths of wrath
  An ice statue (IceCv)
  4 meliai
  8 water nymphs
  16 naga magi
  23 vault sentinels
  41 black mambas
  An eye of devastation (shapeshifter) (Vaults:5)
  A smoke demon (Depths:2)
  7 guardian serpents
  A gargoyle (D:11)
  A cane toad (shapeshifter) (D:14)
  18 cane toads
  A green draconian zombie (Crypt:1)
  An unseen horror (D:13)
  A shock serpent skeleton (Crypt:1)
  5 efreet
  An alligator snapping turtle zombie (Crypt:3)
  9 rime drakes
  A grey draconian zombie (Crypt:2)
  34 yaktaurs
  A tormentor (Zot:5)
  A hellion (Depths:1)
  23 tengu conjurers
  An ice devil (IceCv)
  7 freezing wraiths
  5 guardian mummies
  12 komodo dragons
  7 trolls
  A queen bee (shapeshifter) (D:15)
  27 merfolk
  9 wind drakes
  A queen bee (D:13)
  A polar bear (shapeshifter) (Elf:1)
  5 polar bears
  9 hornets
  15 blink frogs
  2 dream sheep (Shoals:4)
  12 snapping turtles
  A glass eye (Depths:4)
  A raiju (shapeshifter) (D:14)
  A satyr skeleton (Crypt:3)
  28 slime creatures
  18 vampires (Crypt:3)
  Sigmund (D:3)
  8 air elementals
  2 shadows
  18 water elementals
  12 wraiths
  2 dire elephant simulacra (IceCv)
  11 wyverns
  46 yaks
  23 fire elementals
  A hog (shapeshifter) (D:15)
  7 basilisks
  11 wargs
  A neqoxec (Depths:1)
  A death yak simulacrum (IceCv)
  A fire bat zombie (Crypt:3)
  A vampire mosquito (D:9)
  4 steam dragons
  51 nagas
  3 harpy simulacra (IceCv)
  A deep troll zombie (Crypt:1)
  3 swamp worms (Gauntlet)
  22 water moccasins
  2 hydra simulacra
  A hell hound (D:14)
  A demonspawn zombie (Crypt:1)
  3 black bears
  A blink frog zombie (Crypt:3)
  An ice beast (D:7)
  A sky beast (D:7)
  32 orc warriors
  15 laughing skulls
  8 ogres
  19 wolves
  6 boggarts
  8 centaurs
  A dream sheep skeleton (Crypt:2)
  A hog zombie (Crypt:3)
  An elephant skeleton (Crypt:1)
  5 kobold brigands
  A lindwurm skeleton (Crypt:2)
  A phantom (D:6)
  4 elf zombies (Ossuary)
  A weeping skull (Ossuary)
  18 bullfrogs
  5 two-headed ogre simulacra (IceCv)
  2 earth elementals
  A cane toad simulacrum (IceCv)
  A gnoll sergeant (D:12)
  3 scorpions
  5 wights
  33 killer bees
  7 howler monkeys
  2 electric eels
  2 centaur zombies (Ossuary)
  9 jellies
  2 human zombies (Ossuary)
  20 orc priests
  3 hounds
  2 bombardier beetles
  2 sleepcaps (D:7)
  2 scorpion zombies (D:14)
  3 iguanas
  22 hell rats
  9 troll simulacra (IceCv)
  17 orc wizards
  8 spriggan simulacra
  2 polar bear simulacra (IceCv)
  2 wolf simulacra (IceCv)
  2 crocodile zombies (Ossuary)
  A naga zombie (Crypt:2)
  A hound zombie (D:14)
  4 mummies
  A gnoll (shapeshifter) (D:15)
  14 gnolls
  6 naga simulacra
  A swamp drake zombie (Crypt:1)
  3 adders
  A shadow imp (D:7)
  19 white imps
  5 ufetubi (IceCv)
  2 adder zombies (Ossuary)
  An iguana skeleton (Crypt:2)
  2 dart slugs (D:2)
  A ribbon worm (D:2)
  86 orcs
  5 endoplasms
  A giant cockroach (D:2)
  A gnoll zombie (Ossuary)
  3 goblins
  4 hobgoblins
  5 jackals (D:4)
  A quokka (D:4)
  5 ball pythons
  6 ball python zombies (Ossuary)
  6 bats
  2 frilled lizards (D:1)
  A giant cockroach zombie (Crypt:3)
  A hobgoblin zombie (Crypt:1)
  4 jackal zombies (Ossuary)
  19 kobolds
  5 kobold zombies (Ossuary)
  An orc skeleton (Crypt:1)
  3 orc zombies (Ossuary)
  7 rats
  4 tentacles (Shoals:1)
2332 creatures vanquished.

Vanquished Creatures (collateral kills)
  A dread lich (Zot:5)
  3 caustic shrikes (Depths:4)
  3 golden dragons
  2 tentacled monstrosities (Zot:1)
  2 Orb Guardians (Zot:5)
  A quicksilver dragon (Zot:1)
  A death cob (Zot:2)
  2 storm dragons
  A revenant (Crypt:1)
  A fire giant (Vaults:5)
  2 draconian monks
  A draconian knight (Zot:1)
  A caustic shrike zombie (Crypt:3)
  6 draconian scorchers
  A draconian shifter (Zot:2)
  An ironbound preserver (Vaults:5)
  A draconian stormcaller (Zot:4)
  3 draconian annihilators
  2 green draconians (Zot:5)
  A very ugly thing (Vaults:5)
  2 vampire knights (Crypt:3)
  A stone giant (Depths:3)
  2 black draconians
  6 purple draconians
  9 white draconians
  5 yellow draconians
  8 red draconians
  An ettin (Vaults:5)
  A spriggan zombie (Crypt:3)
  18 vault guards
  2 vampire magi (Crypt:3)
  2 hell knights
  A shadow wraith (Depths:1)
  2 ironbound convokers (Vaults:5)
  An ugly thing (Depths:3)
  2 vault sentinels (Vaults:5)
  2 guardian mummies (Crypt:1)
  A shadow dragon simulacrum (Depths:3)
  2 fire elementals (Zot:4)
  A laughing skull (Crypt:1)
  2 human zombies (Crypt:1)
  A human skeleton (Crypt:1)
  3 mummies (Crypt:1)
111 creatures vanquished.

Vanquished Creatures (others)
  An Orb Guardian (Zot:5)
  A draconian monk (Zot:4)
  A draconian knight (Zot:1)
  A draconian scorcher (Zot:4)
  A vault warden (Vaults:5)
  A draconian annihilator (Zot:4)
  2 white draconians
  2 black draconians
  2 red draconians
  A green draconian (Zot:1)
  A fire dragon (Depths:4)
  2 yellow draconians
  A deep elf high priest (Vaults:5)
  4 vault guards (Vaults:5)
  An ice dragon (Depths:3)
  A deep troll earth mage (Depths:3)
  A hell knight (Crypt:1)
  A deep elf pyromancer (Elf:1)
  A necromancer (Depths:3)
  A deep elf zephyrmancer (Elf:2)
  A salamander (Snake:3)
  A moth of wrath (Zot:1)
  A water nymph (shapeshifter) (Vaults:5)
  A black mamba (Snake:2)
  A guardian mummy (Crypt:1)
  An air elemental (Shoals:4)
  A basilisk (D:9)
  2 boggarts (Vaults:1)
  An orc (Orc:1)
  8 tentacles (Shoals:1)
45 creatures vanquished.

Grand Total: 2488 creatures vanquished

Notes
Turn   | Place    | Note
-------+----------+-------------------------------------------
     0 | D:1      | jboons the Vampire Shapeshifter began the quest for the
                  | Orb.
     0 | D:1      | Reached XP level 1. HP: 14/14 MP: 1/1
   569 | D:1      | Reached XP level 2. HP: 20/20 MP: 2/2
  1220 | D:1      | Gained mutation: You are afflicted with vampirism and can
                  | become a bat while bloodless. [Vampire growth]
  1220 | D:1      | Reached XP level 3. HP: 18/25 MP: 3/3
  1489 | D:2      | Reached XP level 4. HP: 20/31 MP: 4/4
  2102 | D:3      | Found a broken altar of Ashenzari.
  2189 | D:3      | Noticed Sigmund
  2197 | D:3      | Killed Sigmund
  2198 | D:3      | Reached skill level 5 in Unarmed Combat
  2198 | D:3      | Reached skill level 5 in Shapeshifting
  2198 | D:3      | Reached XP level 5. HP: 31/36 MP: 5/5
  2372 | D:3      | Reached XP level 6. HP: 32/42 MP: 6/6
  2671 | D:3      | Found a faded altar of an unknown god.
  2958 | D:3      | Found a faded altar of an unknown god.
  3187 | D:3      | Found a broken altar of Ashenzari.
  3814 | D:4      | Reached XP level 7. HP: 47/47 MP: 7/7
  4519 | D:5      | Entered Level 5 of the Dungeon
  5057 | D:5      | Reached XP level 8. HP: 42/53 MP: 8/8
  5445 | D:5      | Found a runed translucent door.
  5446 | D:5      | Noticed Crazy Yiuf
  6059 | D:6      | Found a staircase to the Ecumenical Temple.
  6261 | Temple   | Entered the Ecumenical Temple
  6281 | Temple   | Became a worshipper of Warmaster Okawaru
  6654 | D:7      | Reached XP level 9. HP: 45/58 MP: 9/9
  6717 | D:7      | Reached skill level 10 in Unarmed Combat
  6769 | D:7      | Reached * piety under Okawaru
  6770 | D:7      | Noticed Maurice
  6776 | D:7      | Gained mutation: Your magical capacity is low. (-10% MP)
                  | [potion of mutation]
  6776 | D:7      | Gained mutation: You are strong-willed. (Will+) [potion of
                  | mutation]
  6776 | D:7      | Gained mutation: You have large cloven feet. [potion of
                  | mutation]
  6782 | D:7      | Killed Maurice
  6783 | D:7      | Reached skill level 10 in Shapeshifting
  6797 | D:7      | Found a sand-covered staircase.
  6802 | Ossuary  | Entered an ossuary
  7012 | Ossuary  | Reached ** piety under Okawaru
  7188 | D:7      | Reached skill level 5 in Fighting
  7188 | D:7      | Reached skill level 1 in Invocations
  7710 | D:8      | Reached XP level 10. HP: 74/74 MP: 11/11
  7731 | D:8      | Reached *** piety under Okawaru
  7738 | D:8      | Reached skill level 5 in Invocations
  7769 | D:8      | Found a stormy altar of Qazlal.
  8072 | D:8      | Reached **** piety under Okawaru
  8328 | D:9      | Noticed cforsyth's ghost (journeyman DjHs)
  8329 | D:9      | Found a transporter.
  8351 | D:9      | Found a transporter.
  8585 | D:9      | Reached ***** piety under Okawaru
  8701 | D:9      | Noticed a green ugly thing
  8701 | D:9      | Noticed a red ugly thing
  8701 | D:9      | Noticed a meliai
  8701 | D:9      | Noticed a centaur warrior
  8701 | D:9      | Noticed a centaur warrior
  8706 | D:9      | Killed a meliai
  8707 | D:9      | Reached XP level 11. HP: 79/79 MP: 10/13
  8753 | D:9      | Killed a centaur warrior
  8775 | D:9      | Killed a centaur warrior
  8780 | D:9      | Killed a green ugly thing
  9066 | D:9      | Noticed a boulder beetle
  9088 | D:9      | Noticed a cyan ugly thing
  9116 | D:9      | Killed a cyan ugly thing
  9224 | D:9      | Killed a red ugly thing
  9365 | D:9      | Found a transporter.
  9395 | D:9      | Found a transporter.
 10016 | D:10     | Entered Level 10 of the Dungeon
 10032 | D:10     | Found a basalt altar of Yredelemnul.
 10047 | D:10     | Found a sparkling altar of Nemelex Xobeh.
 10050 | D:10     | Found a hazy altar of Hepliaklqana.
 10053 | D:10     | Found a radiant altar of Vehumet.
 10283 | D:10     | Received a gift from Okawaru
 10579 | D:10     | Noticed Erica
 10586 | D:10     | Killed Erica
 10799 | D:11     | Noticed a two-headed ogre
 11169 | D:11     | Noticed a boulder beetle
 11169 | D:11     | Noticed a boulder beetle
 11210 | D:10     | Killed a boulder beetle
 11278 | D:11     | Reached XP level 12. HP: 86/86 MP: 14/14
 11454 | D:11     | Killed a boulder beetle
 11491 | D:11     | Killed a boulder beetle
 11496 | D:11     | Noticed Josephine
 11826 | D:11     | Received a gift from Okawaru
 11854 | D:11     | Killed Josephine
 11858 | D:11     | Killed a two-headed ogre
 11988 | D:11     | Identified the +4 leather armour of Spring Thaw {Dex+4}
 12079 | D:11     | Found a staircase to the Lair.
 12185 | Lair:1   | Entered Level 1 of the Lair of Beasts
 12191 | Lair:1   | Reached skill level 15 in Unarmed Combat
 12419 | Lair:1   | Identified the +2 leather armour "Qozyasch" {rElec Dex+5}
 12489 | Lair:1   | Reached skill level 15 in Shapeshifting
 12533 | Lair:1   | Reached skill level 1 in Evocations
 12698 | Lair:1   | Noticed a boulder beetle
 12707 | Lair:1   | Killed a boulder beetle
 12707 | Lair:1   | Received a gift from Okawaru
 13022 | Lair:2   | Found a staircase to the Shoals.
 13029 | Lair:2   | Reached ****** piety under Okawaru
 13087 | Lair:2   | Noticed a six-headed hydra
 13182 | Lair:2   | Killed a six-headed hydra
 13183 | Lair:2   | Reached XP level 13. HP: 82/91 MP: 14/15
 13246 | Lair:2   | Found a runed translucent gate.
 13246 | Lair:2   | Found a runed translucent gate.
 13246 | Lair:2   | Found a runed translucent gate.
 13259 | Lair:2   | Found a staircase to the Snake Pit.
 13374 | Lair:2   | Received a gift from Okawaru
 13569 | Lair:2   | Noticed Biggs's ghost (journeyman FeSh)
 13662 | Lair:2   | Reached skill level 5 in Evocations
 14026 | Lair:3   | Noticed gdog's ghost (journeyman GnDe)
 14033 | Lair:3   | Found a one-way gate to the infinite horrors of the Abyss.
 14085 | Lair:3   | Found a transporter.
 14091 | Lair:3   | Found a transporter.
 14296 | Lair:3   | Received a gift from Okawaru
 14656 | Lair:3   | Received a gift from Okawaru
 14940 | Lair:3   | Received a gift from Okawaru
 15130 | Lair:4   | Reached XP level 14. HP: 104/104 MP: 19/19
 15141 | Lair:4   | Reached skill level 10 in Invocations
 15702 | Lair:5   | Entered Level 5 of the Lair of Beasts
 15796 | Lair:5   | Found a viscous altar of Jiyva.
 15846 | Lair:5   | Found a staircase to the Slime Pits.
 16088 | Lair:5   | Received a gift from Okawaru
 16136 | Lair:5   | Acquired the +9 triple sword "Ija Zisi" {spect, *Corrode
                  | Str+2 Int+7}
 16136 | Lair:5   | Received a gift from Okawaru
 16137 | Lair:5   | Acquired a +0 pair of gloves of stealth
 16137 | Lair:5   | Received a gift from Okawaru
 16763 | Lair:5   | Received a gift from Okawaru
 17335 | Lair:5   | Found the +12 glaive of Prune {freeze, Prune}
 17585 | D:12     | Found a gate leading to a gauntlet.
 17596 | Gauntlet | Entered a Gauntlet
 17596 | Gauntlet | Found a transporter.
 17596 | Gauntlet | Found a transporter.
 17608 | Gauntlet | Found a transporter.
 17621 | Gauntlet | Found a transporter.
 17639 | Gauntlet | Found a transporter.
 17639 | Gauntlet | Found a transporter.
 17641 | Gauntlet | Noticed a quicksilver ooze
 17642 | Gauntlet | Found a transporter.
 17642 | Gauntlet | Found a transporter.
 17642 | Gauntlet | Found a transporter.
 17654 | Gauntlet | Found a transporter.
 17672 | Gauntlet | Found a transporter.
 17682 | Gauntlet | Found a transporter.
 17697 | Gauntlet | Found a transporter.
 17717 | Gauntlet | Found a transporter.
 17783 | Gauntlet | Killed a quicksilver ooze
 17783 | Gauntlet | Received a gift from Okawaru
 17788 | Gauntlet | Identified the ring of Jiprathi {rC+ rN+ EV+5}
 17817 | Gauntlet | Identified the amulet of Hour {Spirit *Corrode Slay+5
                  | Stlth+}
 17845 | Gauntlet | Found the +0 pair of fencer's gloves {Riposte Dex+3}
 18192 | D:12     | Found a staircase to the Orcish Mines.
 18365 | D:12     | Reached skill level 10 in Fighting
 18820 | Orc:1    | Entered Level 1 of the Orcish Mines
 18838 | Orc:1    | Found a roughly hewn altar of Beogh.
 18874 | Orc:1    | Noticed an orc warlord
 19085 | Orc:1    | Reached XP level 15. HP: 115/115 MP: 18/21
 19288 | Orc:2    | Entered Level 2 of the Orcish Mines
 19394 | Orc:2    | Found a runed translucent door.
 19395 | Orc:2    | Noticed nojaa's ghost (journeyman KoEn)
 19794 | Orc:2    | Found a staircase to the Elven Halls.
 19911 | Orc:2    | Received a gift from Okawaru
 20177 | Orc:2    | Found Jewoifu's Antique Weapon Shoppe.
 20200 | Orc:2    | Found a roughly hewn altar of Beogh.
 20204 | Orc:2    | Found Veamau's Jewellery Emporium.
 20217 | Orc:2    | Found Roqiadu's General Store.
 20410 | Orc:2    | Found Uttaarup's Antique Armour Emporium.
 20726 | Orc:2    | Killed nojaa's ghost
 20860 | Orc:1    | Noticed Fannar
 20872 | Orc:1    | Killed Fannar
 20884 | Orc:1    | Noticed Harold
 20888 | Orc:1    | Killed Harold
 21025 | D:13     | Identified the +1 robe "Empih" {rElec}
 21108 | D:13     | Found a frozen archway.
 21142 | IceCv    | Entered an ice cave
 21346 | IceCv    | Received a gift from Okawaru
 22126 | IceCv    | Identified the ring of Tocei {rPois rC+ SInv}
 23453 | D:13     | Found a transporter.
 23460 | D:13     | Found a transporter.
 23460 | D:13     | Found a transporter.
 23480 | D:13     | Found a transporter.
 23995 | D:14     | Received a gift from Okawaru
 24121 | D:14     | Found an ancient bone altar of Kikubaaqudgha.
 24247 | D:14     | Noticed Azrael
 24258 | D:14     | Killed Azrael
 24869 | Arena    | Entered the Arena
 25033 | D:14     | Found a gate to the Vaults.
 25325 | D:14     | Found a gate to the Vaults.
 25479 | D:14     | Found an ancient bone altar of Kikubaaqudgha.
 25572 | D:14     | Reached XP level 16. HP: 127/127 MP: 20/22
 25855 | D:15     | Entered Level 15 of the Dungeon
 25881 | D:15     | Received a gift from Okawaru
 25978 | D:15     | Found a portal to a secret trove of treasure.
 26222 | D:15     | Found a staircase to the Depths.
 26318 | D:15     | Noticed Jorgrun
 26328 | D:15     | Killed Jorgrun
 26653 | D:15     | Noticed croobank's ghost (journeyman FeSu)
 26678 | D:15     | Found a transporter.
 26683 | D:15     | Found a transporter.
 26839 | D:15     | Upgraded the game from 0.32-a0-350-g4f4d228785 to
                  | 0.32-a0-361-g289a535e89
 26990 | Shoals:1 | Entered Level 1 of the Shoals
 27625 | Shoals:1 | Noticed a kraken
 27642 | Shoals:1 | Killed a kraken
 27805 | Shoals:1 | Received a gift from Okawaru
 28017 | Shoals:1 | Noticed a kraken
 28057 | Shoals:1 | Killed a kraken
 30046 | Shoals:2 | Found a runed translucent door.
 30047 | Shoals:2 | Noticed Pobapin's ghost (adept KoHu)
 30499 | Shoals:2 | Killed Pobapin's ghost
 30500 | Shoals:2 | Reached XP level 17. HP: 131/131 MP: 21/24
 31133 | Shoals:4 | Entered Level 4 of the Shoals
 31684 | Shoals:4 | Received a gift from Okawaru
 32128 | Shoals:4 | Paralysed by an air elemental for 1 turns
 32537 | Arena    | Entered the Arena
 33795 | Shoals:4 | Found a shadowy altar of Dithmenos.
 33799 | Shoals:4 | Paralysed by an air elemental for 1 turns
 34178 | Shoals:4 | Identified the +6 scimitar of Hobruirph {vamp, Will++
                  | Int+6}
 34320 | Shoals:4 | Reached skill level 15 in Fighting
 34326 | Shoals:4 | Learned a level 5 spell: Yara's Violent Unravelling
 34332 | Shoals:4 | Learned a level 5 spell: Irradiate
 34334 | Shoals:4 | Learned a level 1 spell: Apportation
 34358 | Shoals:4 | Reached skill level 1 in Hexes
 34394 | Shoals:4 | Reached skill level 1 in Alchemy
 34407 | Shoals:4 | Reached skill level 2 in Hexes
 34558 | Shoals:4 | Received a gift from Okawaru
 34672 | Shoals:4 | Reached skill level 3 in Hexes
 34699 | Shoals:4 | Reached skill level 1 in Conjurations
 34888 | Shoals:4 | Reached skill level 4 in Hexes
 35116 | Shoals:4 | Noticed a titan
 35131 | Shoals:4 | Killed a titan
 35334 | Shoals:4 | Reached skill level 5 in Hexes
 35393 | Shoals:4 | Paralysed by an air elemental for 1 turns
 35411 | Shoals:4 | Got the Vademecum on Vapourous Congelation
 35413 | Shoals:4 | Got a barnacled rune of Zot
 35418 | Shoals:4 | Identified the staff of Disgust {Int-5 Dex+4 SInv Conj Ice}
 36051 | Shoals:4 | Found a shadowy altar of Dithmenos.
 36184 | Shoals:4 | Reached skill level 6 in Hexes
 36613 | Snake:1  | Entered Level 1 of the Snake Pit
 36869 | Snake:1  | Reached skill level 5 in Alchemy
 36916 | Snake:1  | Reached skill level 7 in Hexes
 37462 | Snake:1  | Received a gift from Okawaru
 37907 | Snake:1  | Reached skill level 8 in Hexes
 38290 | Snake:1  | Identified the serpent talisman of Summertime {rC++ rN+
                  | Str+2 Int-4}
 38290 | Snake:1  | Noticed Aizul
 38297 | Snake:1  | Noticed Donald
 38313 | Snake:1  | Killed Donald
 38328 | Snake:1  | Reached XP level 18. HP: 147/149 MP: 10/25
 38328 | Arena    | Entered the Arena
 38336 | Arena    | Killed Aizul
 39148 | Snake:2  | Reached skill level 9 in Hexes
 39417 | Snake:2  | Found Doiral's General Store.
 39541 | Snake:2  | Bought a potion of curing for 42 gold pieces
 39541 | Snake:2  | Bought a potion of heal wounds for 70 gold pieces
 39734 | Snake:2  | Identified a scroll of acquirement
 39779 | Snake:2  | Acquired the +1 cloak of Starlight {*Dazzle EV+4 Stlth--}
 39779 | Snake:2  | Found the +1 cloak of Starlight {*Dazzle EV+4 Stlth--}
 39959 | Snake:2  | Reached skill level 10 in Hexes
 40259 | Snake:2  | Noticed Biggs's ghost (journeyman CoFi)
 40263 | Snake:2  | Received a gift from Okawaru
 40290 | Snake:2  | Found a transporter.
 40329 | Snake:2  | Found a transporter.
 40711 | Arena    | Entered the Arena
 40740 | Arena    | Killed Biggs's ghost
 40801 | Snake:2  | Acquired the amulet "Soithrori" {RegenMP rPois Regen+
                  | Dex-5}
 41376 | Snake:3  | Reached skill level 10 in Alchemy
 41394 | Snake:3  | Reached skill level 1 in Spellcasting
 41407 | Snake:3  | Identified the +2 robe "Cyow Jaa" {rF+}
 43200 | Snake:4  | Entered Level 4 of the Snake Pit
 43519 | Snake:4  | Found Ragnar's Dragon-Slaying Spoils.
 43704 | Snake:4  | Reached skill level 5 in Spellcasting
 43814 | Snake:3  | Noticed Louise
 44116 | Snake:4  | Killed Louise
 44827 | Snake:3  | Reached skill level 5 in Dodging
 46153 | Snake:4  | Received a gift from Okawaru
 46637 | Snake:4  | Reached XP level 19. HP: 155/155 MP: 23/26
 47028 | Snake:4  | Reached skill level 11 in Hexes
 47284 | Snake:4  | Got a serpentine rune of Zot
 47664 | Elf:1    | Entered Level 1 of the Elven Halls
 47914 | Elf:1    | Found Qekehih's Antique Armour Boutique.
 47917 | Elf:1    | Found Vyvai's Antique Armour Boutique.
 47917 | Elf:1    | Found Exias's Jewellery Shop.
 47929 | Elf:1    | Found Mysk's Book Shop.
 47994 | Elf:1    | Found Qaschunu's Magic Scroll Shoppe.
 48302 | Elf:1    | Bought a scroll of acquirement for 936 gold pieces
 48302 | Elf:1    | Acquired 720 gold pieces
 48958 | Elf:1    | Received a gift from Okawaru
 49126 | Elf:1    | Reached skill level 5 in Conjurations
 50076 | Elf:2    | Paralysed by an air elemental for 1 turns
 50605 | Elf:2    | Identified the +4 spear of Ixkese {flame, rElec Dex+3}
 50783 | Elf:2    | Found Batauly's Book Shop.
 50959 | Elf:2    | Found a runed translucent gate.
 50967 | Elf:2    | Found a runed translucent gate.
 51006 | Elf:2    | Found a runed translucent gate.
 51022 | Elf:2    | Identified the +0 plate armour of the Thunderstorm {rCorr
                  | SInv}
 51118 | Elf:3    | Entered Level 3 of the Elven Halls
 53016 | Vaults:1 | Entered Level 1 of the Vaults
 53136 | Vaults:1 | Received a gift from Okawaru
 53443 | Vaults:1 | Found Laaluh's Antique Weapon Shoppe.
 53875 | Vaults:3 | Found a magical portal.
 53880 | WizLab   | Entered Iskenderun's Mystic Tower
 55036 | WizLab   | Reached XP level 20. HP: 163/163 MP: 27/27
 55760 | WizLab   | Received a gift from Okawaru
 56263 | WizLab   | Got Vehumet's Treatise on Energy
 56283 | WizLab   | Got Iskenderun's Vademecum on Fulmination
 56283 | WizLab   | Got Iskenderun's Omnibus of the Salvo
 57846 | Vaults:1 | Received a gift from Okawaru
 58779 | Vaults:1 | Reached skill level 12 in Hexes
 58806 | Vaults:1 | Identified the +9 sling "Zaloh" {freeze, rC+}
 59932 | Vaults:2 | Reached skill level 13 in Hexes
 60376 | Vaults:2 | Reached skill level 14 in Hexes
 60615 | Vaults:2 | Received a gift from Okawaru
 61437 | Elf:2    | Bought a book of Misfortune for 646 gold pieces
 61445 | Elf:2    | Learned a level 7 spell: Enfeeble
 61713 | Vaults:3 | Reached skill level 15 in Hexes
 61912 | Vaults:3 | Paralysed by a formless jellyfish for 1 turns
 62256 | Vaults:3 | Reached XP level 21. HP: 171/171 MP: 21/29
 62557 | Vaults:3 | Reached skill level 16 in Hexes
 62664 | Vaults:3 | Found a staircase to the Crypt.
 63197 | Arena    | Entered the Arena
 63373 | Vaults:3 | Received a gift from Okawaru
 63811 | Vaults:3 | Found a staircase to the Crypt.
 65039 | Vaults:4 | Reached skill level 17 in Hexes
 65390 | Vaults:4 | Reached skill level 18 in Hexes
 66204 | Vaults:4 | Reached skill level 19 in Hexes
 66572 | Vaults:4 | Found Olosasoud's Book Shop.
 66806 | Vaults:4 | Received a gift from Okawaru
 67454 | Elf:1    | Bought a scroll of enchant armour for 135 gold pieces
 67454 | Elf:1    | Bought a scroll of teleportation for 54 gold pieces
 67463 | Elf:1    | Learned a level 8 spell: Discord
 67917 | Elf:3    | Identified the ring "Zexkefe" {Fly rF+ Int-5 Dex+5 SInv}
 67931 | Elf:3    | Identified the +7 quarterstaff of Ascent {holy, rF+ Will+
                  | Str-2}
 68134 | Elf:3    | Identified the +4 lajatang of Solyqaga {drain, ^Fragile
                  | rElec rPois Stlth-}
 68344 | Elf:3    | Reached skill level 10 in Spellcasting
 68344 | Elf:3    | Reached skill level 20 in Hexes
 68742 | Elf:3    | Identified the +0 scale mail "Simnak" {rN+ SInv}
 69062 | Elf:3    | Received a gift from Okawaru
 69233 | Elf:3    | Identified the staff of Bile {rF+ rC+ Int-3 Conj Summ Ice}
 69681 | Snake:4  | Bought +0 storm dragon scales for 1520 gold pieces
 69985 | D:15     | You paid a toll of +3 storm dragon scales to enter a
                  | treasure trove
 69986 | Trove    | Entered a treasure trove
 70036 | D:15     | Acquired 993 gold pieces
 70206 | Elf:1    | Bought a runed buckler for 277 gold pieces
 70414 | Depths:1 | Entered Level 1 of the Depths
 70444 | D:15     | Reached skill level 1 in Shields
 70897 | Depths:1 | Reached skill level 21 in Hexes
 70985 | Depths:1 | Found an opulent altar of Gozag.
 70987 | Depths:1 | Found Gozag's Platinum Reserve.
 71120 | Depths:1 | Reached XP level 22. HP: 178/178 MP: 32/32
 71178 | Depths:1 | Reached skill level 5 in Shields
 71269 | Depths:1 | Received a gift from Okawaru
 71492 | Depths:1 | Found a gateway to Hell.
 72026 | Depths:1 | Identified the +0 shadow dragon scales of the Gazing Gods
                  | {Dex+3 Stlth++++}
 72043 | Depths:1 | Found a shadowy altar of Dithmenos.
 72771 | Depths:2 | Reached skill level 22 in Hexes
 72781 | Depths:2 | Received a gift from Okawaru
 73083 | Depths:2 | Identified the +1 robe of the Rose {rPois}
 73305 | Depths:2 | Found a one-way gate leading to the halls of Pandemonium.
 73479 | Depths:3 | Found a corrupted altar of Lugonu.
 73486 | Depths:3 | Noticed Mara
 73489 | Depths:3 | Noticed jboons's illusion
 73518 | Depths:3 | Noticed a caustic shrike
 73518 | Depths:3 | Noticed a caustic shrike
 73518 | Depths:3 | Noticed a caustic shrike
 73518 | Depths:3 | Noticed a caustic shrike
 73523 | Depths:2 | Killed a caustic shrike
 73524 | Depths:2 | Reached skill level 23 in Hexes
 73528 | Depths:2 | Killed a caustic shrike
 73561 | Depths:3 | Found a flickering gateway to a bazaar.
 73780 | Bazaar   | Entered a bazaar
 73786 | Bazaar   | Found Guvvipur's Antique Weapon Emporium.
 73792 | Bazaar   | Found Egury's Book Shoppe.
 73798 | Bazaar   | Found Jitas's General Store.
 73827 | Bazaar   | Found Wuxkaf's Jewellery Boutique.
 73906 | Bazaar   | Bought a +2 helmet of intelligence for 258 gold pieces
 73972 | Depths:3 | Identified the +4 pair of gloves of the Moneychanger
                  | {Will++}
 74008 | Depths:2 | Killed a caustic shrike
 74157 | Depths:3 | Killed a caustic shrike
 74196 | Depths:3 | Received a gift from Okawaru
 74339 | Depths:3 | Noticed Parghit
 74386 | Depths:2 | Noticed jboons's illusion
 74395 | Depths:2 | Killed Mara
 74922 | Depths:3 | Noticed a golden dragon
 74943 | Depths:3 | Killed a golden dragon
 74955 | Depths:3 | Identified the +6 scale mail of the Tormentor {Harm rC-
                  | Will+ Dex+3}
 75034 | Depths:3 | Reached skill level 24 in Hexes
 75034 | Depths:3 | Noticed a juggernaut
 75053 | Depths:3 | Killed a juggernaut
 75156 | Depths:3 | Reached XP level 23. HP: 182/186 MP: 32/34
 75497 | Depths:3 | Reached skill level 1 in Armour
 75890 | Depths:3 | Killed Parghit
 76286 | Depths:3 | Found a corrupted altar of Lugonu.
 76768 | Depths:4 | Entered Level 4 of the Depths
 76960 | Orc:2    | Bought a shiny orb for 348 gold pieces
 77368 | Depths:4 | Noticed a caustic shrike
 77368 | Depths:4 | Noticed a caustic shrike
 77368 | Depths:4 | Noticed a caustic shrike
 77368 | Depths:4 | Noticed a caustic shrike
 77368 | Depths:4 | Noticed a caustic shrike
 77370 | Depths:4 | Killed a caustic shrike
 77370 | Depths:4 | Killed a caustic shrike
 77371 | Depths:4 | Killed a caustic shrike
 77375 | Depths:4 | Killed a caustic shrike
 77379 | Depths:4 | Killed a caustic shrike
 77380 | Depths:4 | Reached skill level 5 in Armour
 77432 | Depths:4 | Identified the +2 robe of Wu Jian's Condemnation {^Contam
                  | rPois rF+}
 77623 | Depths:4 | Found a snail-covered altar of Cheibriados.
 77958 | Depths:4 | Found a gate to the Realm of Zot.
 77964 | Depths:4 | Reached skill level 10 in Dodging
 79210 | Depths:4 | Identified the +1 scale mail "Pouful" {Harm *Slow rC++}
 79638 | Depths:4 | Found a snail-covered altar of Cheibriados.
 79769 | Depths:4 | Found a gate to the Realm of Zot.
 80932 | Crypt:1  | Entered Level 1 of the Crypt
 81382 | Crypt:1  | Noticed Margery
 81397 | Crypt:1  | Killed Margery
 82039 | Crypt:1  | Noticed Xtahua
 82092 | Crypt:1  | Killed Xtahua
 82882 | Crypt:2  | Received a gift from Okawaru
 83088 | Crypt:2  | Identified the +1 helmet of Lucidity {Harm rN+}
 83731 | Crypt:2  | Noticed Khufu
 83763 | Crypt:2  | Killed Khufu
 83963 | Crypt:2  | Noticed a royal mummy
 83966 | Crypt:2  | Found the amulet of Vitality {RegenMP++ Regen++}
 83979 | Crypt:2  | Killed a royal mummy
 84055 | Crypt:3  | Entered Level 3 of the Crypt
 84125 | Crypt:3  | Received a gift from Okawaru
 84150 | Crypt:3  | Noticed an ancient lich
 84176 | Crypt:3  | Killed an ancient lich
 84265 | Crypt:3  | Reached XP level 24. HP: 125/157 MP: 34/34
 84879 | Crypt:3  | Received a gift from Okawaru
 84964 | Crypt:3  | Found a staircase to the Tomb.
 85747 | Crypt:3  | Noticed Jory
 85783 | Crypt:3  | Killed Jory
 86084 | Crypt:3  | Got Apnek's Volume of the Undead
 86087 | Crypt:3  | Identified the staff "Mohaquist" {rC+ rN+ Str-5 Int+5
                  | Necro}
 86090 | Crypt:3  | Got the Grimoire of the Missiles
 86997 | Vaults:5 | Entered Level 5 of the Vaults
 86999 | Vaults:5 | Received a gift from Okawaru
 87135 | Arena    | Entered the Arena
 87168 | Vaults:5 | Noticed a dread lich
 87179 | Vaults:5 | Killed a dread lich
 87447 | Vaults:5 | Received a gift from Okawaru
 87980 | Vaults:5 | Identified the +10 dagger of Midwinter {speed, rPois rF-
                  | SInv Stlth+}
 87984 | Vaults:5 | Reached skill level 1 in Throwing
 88243 | Vaults:5 | Got a silver rune of Zot
 88504 | Arena    | Entered the Arena
 88599 | Vaults:5 | Reached XP level 25. HP: 208/209 MP: 32/34
 88784 | Vaults:5 | Identified the +6 plate armour of Recklessness {rN+ rCorr
                  | Int+3}
 90113 | Zot:1    | Entered Level 1 of the Realm of Zot
 90124 | Depths:4 | Received a gift from Okawaru
 90750 | Zot:1    | Reached skill level 5 in Throwing
 90796 | Zot:1    | Acquired the +4 tower shield of Riavut {rElec Dex+9}
 93334 | Zot:2    | Received a gift from Okawaru
 94411 | Zot:2    | Identified the orb of the Merchant {*Rage, rF+ Int+4}
 95467 | Zot:1    | Identified the +5 scale mail "Xogg" {Dex+3}
 97234 | Zot:4    | Noticed Vv
 97258 | Zot:4    | Killed Vv
 97264 | Zot:4    | Reached XP level 26. HP: 192/218 MP: 21/34
 97995 | Zot:4    | Received a gift from Okawaru
 98043 | Zot:4    | Reached skill level 10 in Shields
 98047 | Zot:4    | Noticed an orb of fire
 98049 | Zot:4    | Gained mutation: Your body sometimes deteriorates upon
                  | taking damage. [an orb of fire]
 98050 | Zot:4    | Gained mutation: You are weak. (Str -2) [an orb of fire]
 98063 | Zot:4    | Killed an orb of fire
 98139 | Zot:4    | Reached skill level 10 in Throwing
 98489 | Zot:4    | Reached skill level 10 in Armour
 98891 | Zot:5    | Entered Level 5 of the Realm of Zot
100541 | Zot:5    | Killed a dread lich
100541 | Zot:5    | Received a gift from Okawaru
100668 | Zot:5    | Noticed an orb of fire
100716 | Zot:5    | Gained mutation: You are occasionally teleported next to
                  | monsters. [an orb of fire]
100732 | Zot:5    | Gained mutation: You occasionally lose the ability to drink
                  | potions when taking damage. [an orb of fire]
100752 | Zot:4    | Killed an orb of fire
100753 | Zot:4    | Lost mutation: You are occasionally teleported next to
                  | monsters. [potion of mutation]
100753 | Zot:4    | Lost mutation: Your magical capacity is low. (-10% MP)
                  | [potion of mutation]
100753 | Zot:4    | Gained mutation: You sometimes lose your temper in combat.
                  | [potion of mutation]
100753 | Zot:4    | Gained mutation: You are frail. (-10% HP) [potion of
                  | mutation]
100753 | Zot:4    | Gained mutation: You passively map a small area around you.
                  | [potion of mutation]
100754 | Zot:4    | Lost mutation: You have large cloven feet. [potion of
                  | mutation]
100754 | Zot:4    | Lost mutation: You occasionally lose the ability to drink
                  | potions when taking damage. [potion of mutation]
100754 | Zot:4    | Lost mutation: Your body sometimes deteriorates upon taking
                  | damage. [potion of mutation]
100755 | Zot:4    | Lost mutation: You are strong-willed. (Will+) [potion of
                  | mutation]
100755 | Zot:4    | Lost mutation: You passively map a small area around you.
                  | [potion of mutation]
100755 | Zot:4    | Lost mutation: You are weak. (Str -2) [potion of mutation]
100755 | Zot:4    | Lost mutation: You sometimes lose your temper in combat.
                  | [potion of mutation]
100755 | Zot:4    | Gained mutation: You are very frail. (-20% HP) [potion of
                  | mutation]
100755 | Zot:4    | Gained mutation: You are partially covered in iridescent
                  | scales. (AC +2) [potion of mutation]
100901 | Zot:5    | Noticed an ancient lich
100924 | Zot:4    | Killed an ancient lich
100974 | Zot:5    | Noticed an orb of fire
100979 | Zot:5    | Gained mutation: You are dopey. (Int -2) [an orb of fire]
100988 | Zot:5    | Killed an orb of fire
102196 | Zot:5    | Noticed an orb of fire
102225 | Zot:5    | Noticed an ancient lich
102248 | Zot:4    | Killed an ancient lich
102433 | Zot:5    | Noticed an orb of fire
102435 | Zot:5    | Gained mutation: You are weak. (Str -2) [an orb of fire]
102449 | Zot:5    | Killed an orb of fire
102452 | Zot:5    | Noticed an ancient lich
102479 | Zot:5    | Killed an ancient lich
102661 | Zot:5    | Gained mutation: Your flesh is cold resistant. (rC+) [an
                  | orb of fire]
102687 | Zot:4    | Lost mutation: You are very frail. (-20% HP) [an orb of
                  | fire]
102688 | Zot:4    | Killed an orb of fire
104370 | Zot:5    | Received a gift from Okawaru
104460 | Zot:5    | Reached skill level 15 in Shields
106309 | Zot:5    | Got the Orb of Zot
106506 | Depths:3 | Noticed an ancient lich
106533 | Depths:2 | Reached XP level 27. HP: 184/201 MP: 25/38
106834 | D:2      | Noticed Ibamuc the pandemonium lord
106864 | D:$      | Escaped with the Orb!

Illustrated notes

Levels and vault maps discovered:
D:1:      psy_arrival_radial01, layout_loops_corners, minmay_hexomino_p4
D:2:      layout_rooms
D:3:      layout_loops_ring, mainiacjoe_overflow_surrounded_room,
          ebering_ecumenical_altar_sacrificial, uniq_sigmund
D:4:      layout_cave_pods, minmay_misc_feat_tower
D:5:      layout_loops_ring, uniq_crazy_yiuf_cottage
D:6:      layout_loops_cross, minmay_temple_entry_gardened_gates
D:7:      minmay_recursive_quarters, layout_cave_pools,
          nicolae_ossuary_entry_plus, uniq_maurice
D:8:      layout_basic, mainiacjoe_overflow_boulevard
D:9:      layout_loops_ring, gammafunk_ghost_stat_death, minivault_28
D:10:     layout_grid_maze, grunt_temple_overflow_cloverleaf, uniq_erica
D:11:     layout_cross, grunt_lair_entry_orc_guard_hut, uniq_josephine
D:12:     layout_long_grid, erik_orc_3, gauntlet_entry_generic,
          chequers_hall_statues_y
D:13:     layout_loops_cross, special_room [special_room_bee],
          portal_ice_cave_entry_imps, chequers_serial_rivers_micro_c,
          nicolae_transporter_circle
D:14:     layout_irregular_city, skrybe_vaults_entry_preservation,
          wad_floor_pattern_untrapped, st_stairs_12, amethyst_killhole,
          lemuel_zombie_altar_kikubaaqudgha, uniq_azrael
D:15:     hangedman_depths_entry_civil_slaughter, layout_basic,
          gammafunk_ghost_mausoleum, enter_trove_2, uniq_jorgrun
Temple:   kb_temple_of_zot
Lair:1:   layout_loops_ring
Lair:2:   layout_hall_layers, nicolae_shoals_entry_roost,
          minmay_snake_entry_six_corridors, gammafunk_ghost_icy,
          beast_lair_carwin_4, infiniplex_staircase_pool
Lair:3:   layout_gridlike, gammafunk_ghost_abyssal_escape, serial_rivers,
          chequers_serial_rivers_micro_a, chequers_serial_rivers_micro_d,
          chequers_serial_rivers_micro_b, chequers_serial_rivers_marsh,
          chequers_serial_rivers_small_b, special_room
          [special_room_mythical_zoo]
Lair:4:   layout_misc_corridors, grunt_megastairs_2
Lair:5:   gammafunk_lair_ancient_temple, layout_gridlike,
          nicolae_slime_entry_field_trip
Shoals:1: layout_shoals
Shoals:2: layout_shoals, gammafunk_ghost_grave
Shoals:3: layout_shoals, nicolae_shoals_lost_giant_baths
Shoals:4: shoals_end_hellmonk_storm_palace [storm_palace_center_square,
          storm_palace_corner_altar, storm_palace_corner_narrow,
          storm_palace_corner_pillars, storm_palace_corner_reverse_hut]
Snake:1:  nicolae_snake_crotalidae_crossing, layout_basic, serial_bayou_shore_b,
          uniq_aizul, uniq_donald
Snake:2:  nicolae_snake_unarmed_stairs_patrol, layout_basic, serial_shops, shop,
          gammafunk_ghost_arena, nicolae_snake_gridmaze_zigzag
Snake:3:  layout_basic, uniq_louise
Snake:4:  johnstein_snake_rune_scales, layout_onion_interference,
          nicolae_shop_dragon_depot
Orc:1:    layout_diamond_mine, mines2_david, uniq_fannar, uniq_harold
Orc:2:    st_orc_town, layout_caves, ebering_ghost_reflecting_pool,
          nicolae_orc_rockfall
Elf:1:    layout_loops_corners, serial_shops, nicolae_shop_crystal,
          hangedman_elf_disciples, minmay_shoptagon
Elf:2:    elven_hall_of_blades_hangedman_original
          [nicolae_blade_entry_antechamber], layout_rooms, serial_shops, shop
Elf:3:    minmay_elf_hall_furrowed, layout_gridlike
Vaults:1: nicolae_vaults_mitosis, nicolae_vaults_meiosis,
          nicolae_vaults_little_squares_6, st_hourglassy,
          nicolae_vaults_network_square, nicolae_vaults_little_squares_2,
          nicolae_vaults_tetromino_L_1, nicolae_vaults_little_squares_1,
          ontoclasm_vaults_twist, v_alt_pattern_2,
          nicolae_vaults_sealed_display, ontoclasm_vaults_tryst, v_misc_17,
          v_misc_10, nicolae_vaults_apartment_1, nicolae_vaults_house_3,
          nicolae_vaults_bisected_inception, nicolae_vaults_tetromino_T_2,
          layout_vaults_maze, serial_shops, shop
Vaults:2: ontoclasm_vaults_ring_square, nicolae_vaults_trapezoid_lopsided_4,
          v_misc_16, v_pattern_1, v_misc_8, hangedman_vaults_maws,
          nicolae_vaults_door_testing_chamber,
          nicolae_vaults_corridor_and_loot_room, nicolae_vaults_trapezoid_3,
          nicolae_vaults_trapezoid_lopsided_1, nicolae_vaults_yaktaur_gun_rack,
          layout_vaults_big_cross
Vaults:3: infiniplex_enter_wizlab_spiral, ontoclasm_vaults_spin,
          hangedman_vaults_maws, nicolae_vaults_doubleplus_tesselated,
          nicolae_vaults_house_3, nicolae_vaults_more_shelving_1,
          blue_anna_dwarven_crypt, nicolae_vaults_swerve,
          nicolae_vaults_murder_corner, nicolae_vaults_sightless_eye,
          vaults_standard_mumra_enter_the_diamond, layout_vaults_omnigrid
Vaults:4: nicolae_vaults_security_offices_6, nicolae_vaults_heart-shaped_vault,
          v_rooms_2, vaults_mumra_chevron_long, vaults_room_semicircle,
          hangedman_vaults_capsules, vaults_standard_mumra_x,
          nicolae_vaults_house_2, nicolae_vaults_tetromino_Z_2,
          layout_vaults_chaotic_city, serial_shops, nicolae_shop_crystal
Vaults:5
Crypt:1:  layout_chaotic_city, grunt_crypt_arrival_guarded_gate, uniq_margery,
          uniq_xtahua
Crypt:2:  ragdoll_tomb_raider, layout_regular_city, nicolae_crypt_wrong_turn
Crypt:3:  due_elkab, layout_chaotic_city, minmay_misc_feat_alley
Depths:1: regret_index_dithmenos_brocken_genspenst, layout_cave_shapes,
          dk_noncrumbling_3, hell_entry, nicolae_abyss_entry_one_way_or_another,
          nicolae_gozag_zags_fifth_avenue, kennysheep_random_hallway
Depths:2: dreamdust_hydra_shepherd, layout_basic, rand_demon_pan_entry_7,
          lightli_too_deep, hex_medium, abyss_entry
Depths:3: minmay_quarter_circles, layout_cave_pools, serial_shops,
          bzr_entry_islet, abyss_entry_flame_altar, pf_coc_iceberg,
          minmay_staircase_bubble, minmay_metal_thing, uniq_mara, uniq_parghit
Depths:4: grunt_x_marks_the_spot, layout_honeycomb, enter_ziggurat_c,
          grunt_hell_entry_dis_mu, serial_library_regret_index_branch_corner,
          slow_altar_1
Zot:1:    layout_gridlike, grunt_megastairs_3
Zot:2:    evilmike_crystal_ball_defense, layout_twisted_circle
Zot:3:    layout_onion_interference, hangedman_zot_decor_slant, lemuel_elevator
Zot:4:    lemuel_firehouse, layout_onion, regret_index_zotdec_magical_s, uniq_vv
Zot:5:    layout_concentric_octagons, hangedman_zot_diagonal_lockstep

Skill      XL: |  1  2  3  4  5  6  7  8  9 10 11 12 13 14 15 16 17 18 19 20 21 22 23 24 25 26 |
---------------+-------------------------------------------------------------------------------+-----
Unarmed Combat | 4 5 6 8 9 10 11 13 15 17 19 20 21 | 21.2
Shapeshifting  | 4 5 6 7 9 10 11 13 15 16 18 19 | 19.0
Fighting       | 5 7 10 12 13 15 16 18 19 20 | 20.0
Invocations    | 4 5 6 9 11 12 13 14 | 14.2
Evocations     | 3 5 6 |  6.0
Hexes          | 8 10 11 15 21 24 | 24.0
Alchemy        | 6 10 12 13 | 13.0
Conjurations   | 2 4 7 8 |  8.0
Spellcasting   | 5 6 8 10 11 | 11.0
Dodging        | 8 10 12 | 12.0
Shields        | 4 5 9 15 | 15.2
Armour         | 5 8 10 | 10.0
Throwing       | 3 9 10 | 10.0

Action                     |  1- 3 |  4- 6 |  7- 9 | 10-12 | 13-15 | 16-18 | 19-21 | 22-24 | 25-27 || total
---------------------------+-------+-------+-------+-------+-------+-------+-------+-------+-------++-------
  Melee: Unarmed           |    64 |    84 |   306 |   428 |  1348 |  1462 |  1587 |  2369 |  1169 ||  8817
         Bite              |     5 |    14 |    21 |       |       |     2 |    93 |   607 |   324 ||  1066
         Punch             |     2 |     1 |     4 |       |       |     3 |    34 |       |       ||    44
         Constrict         |       |       |    30 |    82 |   286 |   340 |   243 |       |       ||   981
         Kick              |       |       |       |       |       |     4 |   135 |       |       ||   139
  Throw: Dart              |     4 |     5 |    15 |       |       |       |       |       |       ||    24
         Javelin           |       |       |       |       |       |       |       |       |   244 ||   244
         Throwing net      |       |       |       |       |       |       |       |       |     1 ||     1
   Cast: Yara's Violent Un |       |       |       |       |       |     1 |    21 |    23 |    12 ||    57
         Irradiate         |       |       |       |       |       |       |    29 |    44 |    17 ||    90
         Enfeeble          |       |       |       |       |       |       |    53 |   180 |    85 ||   318
         Discord           |       |       |       |       |       |       |     2 |    24 |    27 ||    53
         Apportation       |       |       |       |       |       |       |       |     4 |       ||     4
 Invoke: Heroism           |       |       |     1 |     4 |    15 |    20 |    13 |    22 |    14 ||    89
         Finesse           |       |       |       |       |     3 |    10 |     4 |     6 |     8 ||    31
         Receive Weapon    |       |       |       |       |     1 |       |       |       |       ||     1
         Receive Armour    |       |       |       |       |     1 |       |       |       |       ||     1
         Duel              |       |       |       |       |     1 |     3 |     1 |     2 |       ||     7
Ability: Begin Untransform |     1 |       |     1 |       |     1 |     5 |     3 |       |       ||    11
         Exsanguinate      |       |       |       |     1 |       |       |       |     2 |       ||     3
         Revivify          |       |       |       |     1 |       |       |       |     2 |       ||     3
  Evoke: Wand              |       |       |     2 |    16 |    22 |    52 |    14 |    22 |     5 ||   133
         Condenser vane    |       |       |       |       |     2 |     1 |     2 |     2 |       ||     7
    Use: Scroll            |       |     4 |     7 |     9 |    13 |     9 |    13 |    14 |    14 ||    83
         Potion            |       |       |     3 |     2 |     5 |     9 |     5 |     8 |    15 ||    47
   Stab: Distracted        |       |       |     2 |       |     2 |     4 |     2 |     4 |       ||    14
         Sleeping          |       |       |     1 |     1 |     3 |    10 |     6 |     5 |       ||    26
         Invisible         |       |       |       |     1 |     1 |     5 |    35 |   242 |    84 ||   368
         Paralysed         |       |       |       |       |       |     4 |     1 |       |       ||     5
 Armour: Animal skin       |    28 |       |       |       |       |       |       |       |       ||    28
         Leather armour    |    16 |    30 |       |       |       |    11 |   232 |   810 |    75 ||  1174
         Ring mail         |       |    10 |    79 |       |       |       |       |       |   427 ||   516
         Skin              |       |       |    85 |   335 |   802 |  1055 |   691 |       |       ||  2968
  Dodge: Dodged            |    36 |    44 |   154 |   163 |   561 |   888 |  1007 |  1600 |   592 ||  5045
  Block: Buckler           |       |       |       |       |       |       |    17 |   691 |    49 ||   757
         Reflection        |       |       |       |       |       |       |       |     5 |       ||     5
         Tower shield      |       |       |       |       |       |       |       |       |   840 ||   840
Riposte: Unarmed           |       |       |       |       |       |     4 |    65 |   513 |   317 ||   899
   Form: Beast             |     1 |       |       |       |       |       |       |       |       ||     1
         Serpent           |       |       |     2 |     1 |     1 |     8 |     3 |       |       ||    15
                           |       |       |       |       |       |     1 |     1 |       |       ||     2
         Maw               |       |       |       |       |       |     1 |       |       |       ||     1

Table legend: (Time is in decaauts)
 A = Elapsed time spent in this place.
 B = Non-inter-level travel time spent in this place.
 C = Inter-level travel time spent in this place.
 D = Time resting spent in this place.
 E = Time spent auto-exploring this place.
 F = Levels seen in this place.
 G = Mean time per level.
                   A        B        C        D        E       F      G
               +--------+--------+--------+--------+--------+-----+--------+
         Total | 104503 |  93892 |  10611 |  21352 |  48132 |  64 | 1632.9 |
       Dungeon |  19154 |  16047 |   3107 |   2099 |  10819 |  15 | 1276.9 |
        Temple |     40 |      2 |     38 |      0 |      0 |   1 |   40.0 |
          Lair |   6075 |   5292 |    783 |    802 |   3128 |   5 | 1215.0 |
        Shoals |   9163 |   8779 |    384 |   3196 |   2562 |   4 | 2290.8 |
     Snake Pit |  10492 |   9921 |    571 |   3939 |   3743 |   4 | 2623.0 |
  Orcish Mines |   2773 |   1952 |    821 |    292 |   1046 |   2 | 1386.5 |
   Elven Halls |   7335 |   6609 |    726 |   2644 |   2658 |   3 | 2445.0 |
        Vaults |  14550 |  12782 |   1768 |   2301 |   6916 |   5 | 2910.0 |
         Crypt |   5144 |   4903 |    241 |    381 |   2622 |   3 | 1714.7 |
        Depths |  10194 |   8745 |   1449 |   1632 |   4772 |   4 | 2548.5 |
           Zot |  14169 |  13450 |    719 |   2114 |   7803 |   5 | 2833.8 |
        Bazaar |    175 |    175 |      0 |     12 |     59 |   1 |  175.0 |
         Trove |     41 |     41 |      0 |      0 |     35 |   1 |   41.0 |
       Ossuary |    257 |    257 |      0 |      0 |    131 |   1 |  257.0 |
      Ice Cave |   1962 |   1962 |      0 |    379 |   1250 |   1 | 1962.0 |
        Wizlab |   2509 |   2509 |      0 |   1503 |    444 |   1 | 2509.0 |
      Gauntlet |    308 |    308 |      0 |     26 |    142 |   1 |  308.0 |
         Arena |    153 |    153 |      0 |     28 |      0 |   7 |   21.9 |
               +--------+--------+--------+--------+--------+-----+--------+

Top non-repeatable levels by time:
   Zot:5: 6965 daAuts
Vaults:3: 5489 daAuts
 Snake:3: 3854 daAuts
Depths:4: 3659 daAuts
   Zot:2: 3340 daAuts
Shoals:4: 3311 daAuts
   Elf:3: 3234 daAuts
   Elf:1: 3090 daAuts
Depths:3: 2646 daAuts
Vaults:5: 2567 daAuts
  WizLab: 2509 daAuts
 Snake:4: 2433 daAuts
Vaults:2: 2354 daAuts
Shoals:1: 2346 daAuts
    D:14: 2277 daAuts
